 Dungeon Crawl Stone Soup version 0.32-a0-685-g93135e86f0 (webtiles) character file.

Game seed: 8839948961085049157

69669 shadizar the Thaumaturge (level 15, -2/113 HPs)
             Began as a Djinni Earth Elementalist on Mar 12, 2024.
             Was the Champion of Makhleb.
             Killed from afar by an ironbound frostheart (24 damage)
             ... by creeping frost
             ... in an ice cave.
             The game lasted 00:27:32 (12721 turns).

shadizar the Thaumaturge (DjEE)                    Turns: 12721, Time: 00:27:32

Health: -2/113     AC: 10    Str:  7    XL:     15   Next: 75%
Gold:   983        EV: 34    Int: 25    God:    Makhleb [******] SH:  4 Dex:  8

rFire   + . .        F - staff of cold
rCold   + . .        u - +0 buckler
rNeg    + + .        g - +1 robe of Vines {NoPotionHeal Regen++++}
rPois   ∞            t - +1 helmet
rElec   .            H - +1 cloak
rCorr   +            n - +1 pair of gloves
SInv    +            (boots unavailable)
Will    +....        y - amulet of the acrobat
Stlth   +            c - +5 ring of evasion
HPRegen 3.58/turn    o - ring "Boschur Jaxt" {Ice rN++ rCorr Dex-5 SInv}
MPRegen 0.00/turn

%: acrobat, infuse magic (-3 HP)
@: death channelling, acrobatic, flying
A: sickness immunity, fire resistance 2, cold vulnerability 1, float, innate
caster, HP casting, extra vitality 1
a: Renounce Religion, Minor Destruction, Lesser Servant of Makhleb, Major
Destruction, Greater Servant of Makhleb


You were in an ice cave.
You worshipped Makhleb.
Makhleb was exalted by your worship.
You visited 3 branches of the dungeon, and saw 16 of its levels.
You also visited: Bailey and Ice Cave.

You collected 983 gold pieces.

Inventory:

Hand Weapons
 D - the +9 dagger "Ruod" {freeze, rN++ rCorr}
   (You found it on level 9 of the Dungeon)

   rN++:      It greatly protects you from negative energy.
   rCorr:     It protects you from acid and corrosion.
Missiles
 T - 2 throwing nets
Armour
 g - the +1 robe of Vines (worn) {NoPotionHeal Regen++++}
   (You found it on level 1 of the Lair of Beasts)

   NoPotionHeal: Its wearer cannot be healed by potions.
   Regen++++: It increases your rate of health regeneration.
 k - an orb of light
 n - a +1 pair of gloves (worn)
 t - a +1 helmet (worn)
 u - a +0 buckler (worn)
 C - a +2 robe of resistance
 H - a +1 cloak (worn)
 M - a +3 scale mail
 W - a +1 plate armour of cold resistance
Magical Staves
 F - a staff of cold (weapon)
 S - a staff of fire
Jewellery
 c - a +5 ring of evasion (left hand)
 o - the ring "Boschur Jaxt" (right hand) {Ice rN++ rCorr Dex-5 SInv}
   (You acquired it on level 8 of the Dungeon)

   [ring of ice]

   Ice:       It enhances your ice magic.
   Dex-5:     It affects your dexterity (-5).
   rF-:       It makes you vulnerable to fire.
   rC+:       It protects you from cold.
   rN++:      It greatly protects you from negative energy.
   SInv:      It lets you see invisible.
   rCorr:     It protects you from acid and corrosion.
 w - a ring of see invisible
 y - an amulet of the acrobat (around neck)
 B - a +6 ring of intelligence
 V - the ring of Shadows {Umbra +Inv Stlth+}
   (You found it in an ice cave)

   [ring of stealth]

   Umbra:     It surrounds you with an aura of shadow, increasing your stealth
   and reducing the accuracy of all others within it.
   +Inv:      It lets you turn invisible.
   Stlth+:    It makes you more stealthy.
Wands
 q - a wand of paralysis (18)
 v - a wand of roots (11)
 x - a wand of polymorph (9)
 A - a wand of flame (16)
 L - a wand of quicksilver (3)
Scrolls
 e - 6 scrolls of teleportation
 z - a scroll of enchant armour
 G - 2 scrolls of immolation
 J - a scroll of fear
 N - 3 scrolls of vulnerability
 O - a scroll of brand weapon
 P - a scroll of enchant weapon
 Q - 3 scrolls of blinking
 R - a scroll of poison {unknown}
 U - a scroll of revelation
Potions
 a - 3 potions of magic
 b - 3 potions of haste
 d - 4 potions of mutation
 f - 4 potions of curing
 h - 6 potions of might
 i - 3 potions of attraction
 j - 8 potions of enlightenment
 l - a potion of brilliance
 m - 3 potions of heal wounds
 r - 2 potions of invisibility
 s - a potion of resistance
 E - a potion of degeneration {unknown}
 I - 2 potions of berserk rage {unknown}
 K - 2 potions of ambrosia {unknown}
Miscellaneous
 p - a phial of floods


   Skills:
 + Level 12.5 Fighting
 + Level 6.2 Armour
 + Level 13.3 Dodging
 - Level 1.5 Stealth
 - Level 5.2 Shields
 + Level 13.7 Spellcasting
 + Level 13.7 Conjurations
 + Level 13.7 Hexes
   Level 0.0 Charms
 + Level 13.7 Summonings
 + Level 13.7 Necromancy
 + Level 13.7 Translocations
   Level 0.0 Transmutations
 + Level 13.7 Fire Magic
 + Level 13.7 Ice Magic
 + Level 13.7 Air Magic
 + Level 13.7 Earth Magic
 + Level 13.7 Alchemy


You knew the following spells:

 Your Spells              Type           Power      Damage    Failure   Level
a - Sandblast             Erth           100%       2d20      1%          1
b - Passwall              Erth           72%        N/A       1%          3
c - Stone Arrow           Conj/Erth      100%       3d13      1%          3
d - Petrify               Alch/Erth      72%        N/A       1%          4
e - Brom's Barrelling Bo  Conj/Erth      72%        2d9       1%          4
f - Sting                 Conj/Alch      100%       1d9       1%          1
g - Mercury Vapours       Alch/Air       100%       N/A       1%          2
h - Tukima's Dance        Hex            72%        N/A       1%          3
i - Inner Flame           Hex/Fire       72%        N/A       1%          3
j - Leda's Liquefaction   Alch/Erth      36%        N/A       1%          4
k - Summon Mana Viper     Hex/Summ       72%        N/A       1%          5
l - Death Channel         Necr           36%        N/A       2%          6
Your spell library was empty.

Dungeon Overview and Level Annotations

Branches:
Dungeon (11/15)            Temple (1/1) D:4            Lair (4/5) D:11
  Swamp (0/4) Lair:3        Snake (0/4) Lair:3        Slime (0/5) Lair:4
    Orc (0/2) D:9          Bailey (visited)           IceCv (1/1)

Altars:
Ashenzari
Cheibriados
Dithmenos
Elyvilon
Fedhas
Gozag
Hepliaklqana
Makhleb
Nemelex Xobeh
Okawaru
Qazlal
Ru
Trog
Uskayaw
Wu Jian
Xom
Yredelemnul
Zin
The Shining One

Shops:
D:3 [

Annotations:
D:3 1 runed translucent door, Crazy Yiuf
Lair:1 exclusion: oklob plant
Lair:3 1 runed translucent door, jt's ghost, journeyman CoMo
Lair:4 1 transporter


Innate Abilities, Weirdness & Mutations

You are immune to sickness and miasma.
You are immune to poison.
Your flesh is very heat resistant. (rF++)
You are vulnerable to cold. (rC-)
You float through the air rather than walking.
You learn spells naturally, not from books.
Your magical power is your life essence.
You have superior vitality. (+4 MHP)


Message History

The ironbound frostheart touches something!
The ironbound frostheart freezes something!
Unknown command.
Unknown command.
Okay, then.
Casting: Stone Arrow (safe; 1% risk of failure)
Confirm with . or Enter, or press ? or * to list all spells.
Aiming: Stone Arrow (safe; 1% risk of failure)
Press: ? - help, Shift-Dir - straight line, f/p - death yak
Aim: a death yak (moderately wounded, 92% to hit)
The stone arrow hits the death yak!
The death yak is heavily wounded.
* * * LOW HITPOINT WARNING * * *
The death yak gores you.
* * * LOW HITPOINT WARNING * * *
Unknown command.
Unknown command.
Unknown command.
Casting: Stone Arrow (safe; 1% risk of failure)
Confirm with . or Enter, or press ? or * to list all spells.
Aiming: Stone Arrow (safe; 1% risk of failure)
Press: ? - help, Shift-Dir - straight line, f/p - death yak
Aim: a death yak (heavily wounded, 92% to hit)
The stone arrow hits the death yak!
The death yak is severely wounded.
* * * LOW HITPOINT WARNING * * *
You block the death yak's attack.
The ironbound frostheart calls freezing cold from the walls.
The frost grips you! You resist.
* * * LOW HITPOINT WARNING * * *
Unknown command.
Unknown command.
Unknown command.
Unknown command.
Unknown command.
Unknown command.
The ice encasing you melts away.
The ironbound frostheart calls freezing cold from the walls.
The frost grips you!! You resist.
You die...

#≈≈≈≈≈≈~~##
#≈≈≈≈≈≈≈#.#
##≈≈≈≈≈≈#.##
###≈≈≈≈≈≈##.#
##.##≈≈#≈≈##.#
#phY##≈##≈#..#
#h.#.Y######..#
#p.###.#.#.#.†.#
.k.. #.†#Y@#...#
.....#
##ph##.†.##
#..... #.###..##
#....# ##.##.##
#.... #.##..#
##.##.##
##.##..##
##.####..# #.##
##.#


You could see a death yak, an ironbound frostheart and a wolf.

Vanquished Creatures
  Fannar (D:10)
  3 hydras (Lair:1)
  4 two-headed ogres
  9 death yaks
  Amaemon (D:10)
  A skyshark (Lair:3)
  3 ugly things
  A will-o-the-wisp (Lair:3)
  4 elephants (Lair:3)
  4 black mambas
  A salamander (Lair:3)
  An ice statue (IceCv)
  9 cane toads
  An orange demon (D:10)
  3 rime drakes
  3 komodo dragons
  Psyche (D:9)
  2 ice devils (Lair:4)
  12 polar bears
  4 trolls
  A hornet (D:8)
  8 blink frogs
  36 yaks
  3 wyverns
  4 vampire mosquitoes (Lair:2)
  Grum (D:10)
  A basilisk (D:11)
  4 steam dragons
  2 nagas (Lair:3)
  An acid dragon (D:11)
  11 water moccasins
  Duvessa (D:4)
  An ice beast (D:7)
  3 orc warriors
  4 black bears
  28 wolves
  2 ogres
  11 centaurs
  13 bullfrogs
  Blork the orc (D:4)
  A jelly (D:7)
  A gnoll sergeant (D:7)
  5 scorpions
  5 wights (D:7)
  Dowan (D:4)
  20 killer bees
  3 howler monkeys (D:7)
  An electric eel (D:9)
  A lava snake (Lair:3)
  2 bombardier beetles
  5 orc priests
  8 hounds
  A gnoll bouda (D:5)
  4 orc wizards
  2 hell rats (Lair:2)
  4 adders
  21 gnolls
  2 river rats (Lair:2)
  A shadow imp (D:6)
  4 ufetubi (D:7)
  2 ribbon worms
  2 dart slugs
  41 orcs
  8 ball pythons
  6 endoplasms
  3 giant cockroaches
  13 goblins
  8 hobgoblins
  5 jackals (D:1)
  9 kobolds
  4 bats
  2 frilled lizards
  12 rats
411 creatures vanquished.

Vanquished Creatures (collateral kills)
  A gnoll (D:7)
1 creature vanquished.

Grand Total: 412 creatures vanquished

Notes
Turn   | Place    | Note
-------+----------+-------------------------------------------
     0 | D:1      | shadizar the Djinni Earth Elementalist began the quest for
                  | the Orb.
     0 | D:1      | shadizar set off with the following spells memorised:
                  | Sandblast, Passwall, Stone Arrow, Petrify, Brom's
                  | Barrelling Boulder.
     0 | D:1      | Reached XP level 1. HP: 15/15 MP: 0/0
    51 | D:1      | Reached XP level 2. HP: 15/21 MP: 0/0
   173 | D:1      | Found a sacrificial altar of Ru.
   561 | D:1      | Reached XP level 3. HP: 23/25 MP: 0/0
   561 | D:1      | Learned a level 1 spell: Sting
  1117 | D:2      | Reached XP level 4. HP: 20/31 MP: 0/0
  1211 | D:2      | Found a faded altar of an unknown god.
  1603 | D:3      | Found Efuckext's Antique Armour Boutique.
  1827 | D:3      | Found a runed translucent door.
  1828 | D:3      | Noticed Crazy Yiuf
  1919 | D:4      | Found a staircase to the Ecumenical Temple.
  1919 | D:4      | Noticed an ogre
  1923 | D:4      | Killed an ogre
  1924 | D:4      | Reached skill level 5 in Spellcasting
  1924 | D:4      | Reached skill level 5 in Conjurations
  1924 | D:4      | Reached skill level 5 in Hexes
  1924 | D:4      | Reached skill level 5 in Summonings
  1924 | D:4      | Reached skill level 5 in Necromancy
  1924 | D:4      | Reached skill level 5 in Translocations
  1924 | D:4      | Reached skill level 5 in Fire Magic
  1924 | D:4      | Reached skill level 5 in Ice Magic
  1924 | D:4      | Reached skill level 5 in Air Magic
  1924 | D:4      | Reached skill level 5 in Earth Magic
  1924 | D:4      | Reached skill level 5 in Alchemy
  1924 | D:4      | Reached XP level 5. HP: 16/35 MP: 0/0
  1924 | D:4      | Learned a level 2 spell: Mercury Vapours
  1929 | Temple   | Entered the Ecumenical Temple
  2032 | Temple   | Became a worshipper of Makhleb the Destroyer
  2102 | D:4      | Reached XP level 6. HP: 39/40 MP: 0/0
  2194 | D:4      | Noticed Blork the orc
  2202 | D:4      | Killed Blork the orc
  2354 | D:4      | Noticed Duvessa
  2354 | D:4      | Noticed Dowan
  2357 | D:4      | Killed Dowan
  2360 | D:4      | Killed Duvessa
  2361 | D:4      | Reached XP level 7. HP: 29/45 MP: 0/0
  2361 | D:4      | Learned a level 3 spell: Tukima's Dance
  2716 | D:5      | Entered Level 5 of the Dungeon
  2785 | D:5      | Reached * piety under Makhleb
  2803 | D:5      | Reached XP level 8. HP: 40/51 MP: 0/0
  2804 | D:5      | Reached skill level 1 in Fighting
  3095 | D:5      | Identified the +2 leather armour of Precision Catastrophes
                  | {^Drain rC- rCorr Int+9}
  3589 | D:6      | Noticed a wyvern
  3591 | D:6      | Reached XP level 9. HP: 60/61 MP: 0/0
  3591 | D:6      | Learned a level 3 spell: Inner Flame
  3613 | D:6      | Reached skill level 1 in Shields
  4146 | D:6      | Reached ** piety under Makhleb
  4732 | D:7      | Reached skill level 5 in Fighting
  4744 | D:7      | Reached skill level 5 in Dodging
  4744 | D:7      | Reached XP level 10. HP: 44/70 MP: 0/0
  5017 | D:7      | Found a stormy altar of Qazlal.
  5033 | D:7      | Found an ornate altar of the Wu Jian Council.
  5473 | D:8      | Found a flagged portal.
  5494 | Bailey   | Entered a bailey
  5550 | Bailey   | Reached *** piety under Makhleb
  6000 | D:8      | Noticed a two-headed ogre
  6006 | D:8      | Killed a two-headed ogre
  6007 | D:8      | Reached skill level 5 in Shields
  6148 | D:8      | Found a shadowy altar of Dithmenos.
  6362 | D:8      | Acquired the ring "Boschur Jaxt" {Ice rN++ rCorr Dex-5
                  | SInv}
  6449 | D:9      | Noticed Psyche
  6456 | D:9      | Killed Psyche
  6532 | D:9      | Noticed a red ugly thing
  6535 | D:9      | Killed a red ugly thing
  6623 | D:9      | Noticed a two-headed ogre
  6636 | D:9      | Killed a two-headed ogre
  6637 | D:9      | Reached XP level 11. HP: 47/78 MP: 0/0
  6637 | D:9      | Learned a level 4 spell: Leda's Liquefaction
  6790 | D:9      | Reached **** piety under Makhleb
  6882 | D:9      | Identified the +9 dagger "Ruod" {freeze, rN++ rCorr}
  6892 | D:9      | Found a blossoming altar of Fedhas.
  6895 | D:9      | Found a snail-covered altar of Cheibriados.
  6948 | D:9      | Found a staircase to the Orcish Mines.
  7069 | D:10     | Entered Level 10 of the Dungeon
  7097 | D:10     | Reached skill level 10 in Spellcasting
  7097 | D:10     | Reached skill level 10 in Conjurations
  7097 | D:10     | Reached skill level 10 in Hexes
  7097 | D:10     | Reached skill level 10 in Summonings
  7097 | D:10     | Reached skill level 10 in Necromancy
  7097 | D:10     | Reached skill level 10 in Translocations
  7097 | D:10     | Reached skill level 10 in Fire Magic
  7097 | D:10     | Reached skill level 10 in Ice Magic
  7097 | D:10     | Reached skill level 10 in Air Magic
  7097 | D:10     | Reached skill level 10 in Earth Magic
  7097 | D:10     | Reached skill level 10 in Alchemy
  7279 | D:10     | Found a shimmering altar of Xom.
  7375 | D:10     | Noticed Fannar
  7382 | D:10     | Killed Fannar
  7433 | D:10     | Noticed Grum
  7436 | D:10     | Killed Grum
  7544 | D:10     | Noticed Amaemon
  7548 | D:10     | Killed Amaemon
  7832 | D:10     | Identified the +7 great sword of Kepur {freeze, rN+}
  7838 | D:10     | Noticed a two-headed ogre
  7842 | D:10     | Killed a two-headed ogre
  8279 | D:11     | Noticed a two-headed ogre
  8281 | D:11     | Noticed a death yak
  8300 | D:11     | Killed a two-headed ogre
  8342 | D:11     | Reached XP level 12. HP: 74/88 MP: 0/0
  8444 | D:11     | Killed a death yak
  8609 | D:11     | Found a staircase to the Lair.
  9184 | Lair:1   | Entered Level 1 of the Lair of Beasts
  9381 | Lair:1   | Noticed a five-headed hydra
  9381 | Lair:1   | Found the +1 robe of Vines {NoPotionHeal Regen++++}
  9389 | Lair:1   | Killed a five-headed hydra
  9392 | Lair:1   | Noticed a five-headed hydra
  9570 | Lair:1   | Reached ***** piety under Makhleb
  9601 | Lair:1   | Reached skill level 10 in Fighting
  9601 | Lair:1   | Reached skill level 10 in Dodging
  9601 | Lair:1   | Reached XP level 13. HP: 96/96 MP: 0/0
  9601 | Lair:1   | Learned a level 5 spell: Summon Mana Viper
  9602 | Lair:1   | Reached XP level 14. HP: 103/103 MP: 0/0
  9710 | Lair:1   | Reached skill level 1 in Armour
 10697 | Lair:2   | Reached XP level 15. HP: 44/111 MP: 0/0
 10697 | Lair:2   | Learned a level 6 spell: Death Channel
 11283 | Lair:3   | Found a staircase to the Swamp.
 11535 | Lair:3   | Found a staircase to the Snake Pit.
 11734 | Lair:3   | Reached skill level 5 in Armour
 11812 | Lair:3   | Found a runed translucent door.
 11814 | Lair:3   | Noticed jt's ghost (journeyman CoMo)
 11815 | Lair:3   | Identified the +9 spear "Fyarihil" {speed, rElec rPois
                  | SInv}
 12135 | Lair:4   | Found a transporter.
 12202 | Lair:4   | Found a frozen archway.
 12228 | IceCv    | Entered an ice cave
 12273 | IceCv    | Reached ****** piety under Makhleb
 12652 | IceCv    | Found the ring of Shadows {Umbra +Inv Stlth+}
 12721 | IceCv    | Killed from afar by an ironbound frostheart

Illustrated notes

Levels and vault maps discovered:
D:1:      dpeg_arrival_lava_altar, layout_loops_cross
D:2:      layout_loops_cross, ebering_ecumenical_altar_abandoned,
          minmay_misc_feat_diagonals, minmay_tall_x
D:3:      layout_rooms, serial_shops, shop, uniq_crazy_yiuf_cottage
D:4:      layout_loops_ring, minmay_temple_entry_hall, uniq_duvessa,
          uniq_blork_the_orc
D:5:      layout_gridville, minmay_misc_feat_rows
D:6:      layout_basic
D:7:      layout_gridville, amcnicky_altar_gilded, lemuel_round_altar
D:8:      layout_cave_pools, nicolae_dithmenos_the_darkroom, enter_bailey_5
D:9:      layout_roguey, nicolae_overflow_squiral, uniq_psyche
D:10:     layout_loops_ring, kennysheep_little_box, uniq_amaemon, uniq_fannar,
          uniq_grum
D:11:     layout_basic, david_lair_generic
Temple:   minmay_temple_bridge_d
Lair:1:   cheibrodos_lair_river_kwai, layout_hall_layers,
          hellmonk_guarded_unrand_vines
Lair:2:   layout_layer_cave, roderic_carrion_pond, ldierk_geyser,
          kennysheep_abandoned_house, lemuel_fruit_fields
Lair:3:   layout_gridlike, minmay_swamp_entry_wisps, alex1729_snake_entry_snake,
          ebering_ghost_funeral_grove, st_stairs_13, minivault_19,
          columned_hall_lemuel
Lair:4:   gammafunk_cloud_chamber, layout_gridlike, minmay_slime_entry_pillars,
          portal_ice_cave_demonic_guard
IceCv:    ice_cave_caverns_02

Skill      XL: |  1  2  3  4  5  6  7  8  9 10 11 12 13 14 15 |
---------------+----------------------------------------------+-----
Spellcasting   | 4 5 6 7 8 9 10 12 13 | 13.7
Conjurations   | 4 5 6 7 8 9 10 12 13 | 13.7
Hexes          | 4 5 6 7 8 9 10 12 13 | 13.7
Summonings     | 4 5 6 7 8 9 10 12 13 | 13.7
Necromancy     | 4 5 6 7 8 9 10 12 13 | 13.7
Translocations | 4 5 6 7 8 9 10 12 13 | 13.7
Fire Magic     | 4 5 6 7 8 9 10 12 13 | 13.7
Ice Magic      | 4 5 6 7 8 9 10 12 13 | 13.7
Air Magic      | 4 5 6 7 8 9 10 12 13 | 13.7
Earth Magic    | 4 5 6 7 8 9 10 12 13 | 13.7
Alchemy        | 4 5 6 7 8 9 10 12 13 | 13.7
Fighting       | 3 5 6 8 10 11 12 | 12.5
Shields        | 3 5 |  5.2
Dodging        | 5 7 8 10 11 12 13 | 13.3
Armour         | 3 6 |  6.2
Stealth        | |  1.5

Action                     |  1- 3 |  4- 6 |  7- 9 | 10-12 | 13-15 || total
---------------------------+-------+-------+-------+-------+-------++-------
  Melee: Unarmed           |     1 |       |     2 |       |       ||     3
         Dagger            |       |       |       |       |     3 ||     3
   Cast: Sandblast         |    56 |    40 |    98 |   152 |   140 ||   486
         Stone Arrow       |       |    10 |    18 |   100 |   279 ||   407
         Brom's Barrelling |       |       |     9 |    11 |     1 ||    21
         Death Channel     |       |       |       |       |     1 ||     1
    Use: Scroll            |       |       |       |    26 |     3 ||    29
         Potion            |       |       |       |     2 |     2 ||     4
 Armour: Robe              |     9 |     9 |    27 |    61 |   175 ||   281
  Dodge: Dodged            |    10 |    12 |    43 |   143 |   286 ||   494
  Block: Buckler           |       |       |     6 |    32 |    86 ||   124

Table legend: (Time is in decaauts)
 A = Elapsed time spent in this place.
 B = Non-inter-level travel time spent in this place.
 C = Inter-level travel time spent in this place.
 D = Time resting spent in this place.
 E = Time spent auto-exploring this place.
 F = Levels seen in this place.
 G = Mean time per level.
                   A        B        C        D        E       F      G
               +--------+--------+--------+--------+--------+-----+--------+
         Total |  12958 |  12595 |    363 |      0 |   9784 |  18 |  719.9 |
       Dungeon |   8812 |   8488 |    324 |      0 |   6923 |  11 |  801.1 |
        Temple |    124 |    124 |      0 |      0 |     70 |   1 |  124.0 |
          Lair |   3113 |   3075 |     38 |      0 |   2281 |   4 |  778.2 |
        Bailey |    401 |    401 |      0 |      0 |    291 |   1 |  401.0 |
      Ice Cave |    505 |    505 |      0 |      0 |    219 |   1 |  505.0 |
               +--------+--------+--------+--------+--------+-----+--------+

Top non-repeatable levels by time:
  Lair:2: 1266 daAuts
    D:10: 1205 daAuts
     D:7: 1170 daAuts
    D:11: 936 daAuts
  Lair:3: 887 daAuts
     D:5: 873 daAuts
  Lair:1: 852 daAuts
     D:2: 743 daAuts
     D:4: 738 daAuts
     D:6: 726 daAuts
     D:9: 698 daAuts
     D:1: 624 daAuts
     D:8: 560 daAuts
     D:3: 536 daAuts
   IceCv: 505 daAuts
